 Dungeon Crawl Stone Soup version 0.19-a0-1932-g59670f6 (webtiles) character file.

8640 JeffiDaFish the Cleaver (level 11, -47/97 HPs)
             Began as a Hill Orc Fighter on Oct 25, 2016.
             Was an Elder of Beogh.
             Annihilated by a very large slime creature (48 damage)
             ... on level 11 of the Dungeon.
             The game lasted 00:29:05 (11083 turns).

JeffiDaFish the Cleaver (Hill Orc Fighter)         Turns: 11083, Time: 00:29:06

Health: -47/97     AC: 17    Str: 24    XL:     11   Next: 34%
Magic:  18/18      EV:  7    Int:  9    God:    Beogh [****..]
Gold:   665        SH: 17    Dex: 11    Spells: 2 memorised, 15 levels left

rFire  . . .     SeeInvis .     a - +2 war axe
rCold  . . .     Gourm    .     d - +0 plate armour
rNeg   . . .     Faith    .     c - +2 shield
rPois  .         Spirit   .     (no helmet)
rElec  .         Reflect  .     v - +1 cloak
rCorr  +         Harm     .     (no gloves)
MR     .....                    (no boots)
Stlth  ..........               (no amulet)
                                u - ring of the Octopus King {rCorr AC+1 EV+1 Str+1 Int+1 Dex+1}
                                r - ring of resist corrosion

@: no status effects
A: large bone plates 1
a: Smiting, Recall Orcish Followers, Renounce Religion


You were on level 11 of the Dungeon.
You worshipped Beogh.
Beogh was greatly pleased with you.
You were not hungry.

You visited 1 branch of the dungeon, and saw 11 of its levels.

You collected 665 gold pieces.

Inventory:

Hand Weapons
 a - a +2 war axe (weapon)
 e - the +1 whip "Muxir" {flame, Str+4}
   (You found it on level 6 of the Dungeon)

   It has been specially enchanted to burn those struck by it, causing extra
   injury to most foes and up to half again as much damage against particularly
   susceptible opponents.
   It affects your strength (+4).
Armour
 c - a +2 shield (worn)
 d - a +0 plate armour (worn)
 v - a +1 cloak (worn)
Jewellery
 r - a ring of resist corrosion (left hand)
 u - a ring of the Octopus King (right hand) {rCorr AC+1 EV+1 Str+1 Int+1 Dex+1}
   (You found it on level 6 of the Dungeon)

   [ring of resist corrosion]

   It affects your AC (+1).
   It affects your evasion (+1).
   It affects your strength (+1).
   It affects your intelligence (+1).
   It affects your dexterity (+1).
Wands
 m - a wand of paralysis (1/24)
 q - a wand of confusion (48/48)
 y - a wand of disintegration (5/24)
 z - a wand of flame (26/48)
 A - a wand of confusion (29/48)
 B - a wand of hasting (5/9)
Scrolls
 b - a scroll of magic mapping
 g - 2 scrolls of remove curse
 j - a scroll of amnesia
 k - 6 scrolls of teleportation
 p - 2 scrolls of blinking
 x - a scroll of identify
 D - a scroll of fear
Potions
 l - 2 potions of curing
 n - 3 potions of haste
 s - a potion of invisibility
 w - a potion of brilliance
Books
 o - a book of Misfortune

   Spells                             Type                      Level
   a - Confusing Touch                Hexes                        1
   b - Confuse                        Hexes                        3
   c - Gell's Gravitas                Hexes/Translocation          3
   d - Petrify                        Transmutation/Earth          4
   e - Metabolic Englaciation         Hexes/Ice                    5
   f - Yara's Violent Unravelling     Hexes/Transmutation          5
 t - a book of Frost

   Spells                             Type                      Level
   a - Freeze                         Ice                          1
   b - Throw Frost                    Conjuration/Ice              2
   c - Ozocubu's Armour               Charms/Ice                   3
   d - Throw Icicle                   Conjuration/Ice              4
   e - Summon Ice Beast               Ice/Summoning                4
 C - Myner's Early Guide to Casting
   (You found it on level 9 of the Dungeon)

   Spells                             Type                      Level
   a - Repel Missiles                 Charms/Air                   2
   b - Searing Ray                    Conjuration                  2
   c - Slow                           Hexes                        2
   d - Call Imp                       Summoning                    2
   e - Blink                          Translocation                2
Comestibles
 f - a bread ration
 h - 5 meat rations
 i - 2 fruits


   Skills:
 + Level 9.3 Fighting
 + Level 10.0 Axes
 + Level 8.2 Armour
 - Level 0.8 Dodging
 - Level 0.5 Stealth
 + Level 8.9 Shields
 + Level 5.1 Spellcasting
 + Level 6.4 Hexes


You had 15 spell levels left.
You knew the following spells:

 Your Spells              Type           Power        Failure   Level  Hunger
a - Confuse               Hex            ##......     98%         3    ###....
b - Slow                  Hex            ##......     78%         2    ##.....


Dungeon Overview and Level Annotations

Branches:
Dungeon (11/15)            Temple (0/1) D:6
   Lair: D:8-11         Orc: D:9-12

Altars:
Ashenzari
Cheibriados
Dithmenos
Elyvilon
Hepliaklqana
Kikubaaqudgha
Makhleb
Okawaru
Trog
Uskayaw
Vehumet
Yredelemnul

Shops:
D:10 *


Innate Abilities, Weirdness & Mutations

You are partially covered in large bone plates. (SH +4)


Message History

The very large slime creature is severely wounded.
The very large slime creature hits you!
You slash the very large slime creature!
The very large slime creature is severely wounded.
You block the very large slime creature's attack.
You slice the very large slime creature!!
The very large slime creature is almost dead.
You block the very large slime creature's attack.
You slash the very large slime creature!
The very large slime creature is almost dead.
The very large slime creature hits you but does no damage.
You block the very large slime creature's attack.
You hit the very large slime creature.
The very large slime creature is almost dead.
The very large slime creature hits you!!
* * * LOW HITPOINT WARNING * * *
You slash the very large slime creature!
The very large slime creature is almost dead.
The very large slime creature hits you!!!
You die...

###.... .......# ###... ......
......###..... #....#
#........... #....# #.......#'##
#....# #.......#... . #....#
#.......#... .######....#
#.......#...
....(......###########.......#...
...............J@............#...
.............#####...........##.#
.............# ##############.#
....#'###....# #.# ....#...#....#
.!..#...#....# J...#...#....#
....#...#...... ....#####......!


You could see a very large slime creature.

Vanquished Creatures
  3 hill giants
  An ugly thing (D:11)
  A gargoyle (D:10)
  3 yaks (D:10)
  A wyvern (D:8)
  The ghost of mordus the Slasher, an amateur DDBe of Trog (D:4)
  A hungry ghost (D:11)
  Grum (D:9)
  2 ice beasts
  A sky beast (D:8)
  5 orc warriors
  A phantom (D:9)
  7 centaurs
  4 ogres
  2 wolves (D:9)
  A crocodile (D:11)
  A big kobold (D:7)
  8 bullfrogs
  A gnoll sergeant (D:10)
  3 scorpions
  A water moccasin skeleton (D:6)
  2 troll zombies (D:11)
  2 howler monkeys (D:10)
  4 crimson imps
  2 bullfrog zombies
  2 centaur zombies (D:10)
  6 jellies
  2 quasits
  2 hounds
  5 orc priests
  Crazy Yiuf (D:2)
  3 centaur skeletons
  2 iguanas
  10 orc wizards
  8 worker ants
  A killer bee zombie (D:8)
  2 hound skeletons
  A worker ant zombie (D:8)
  5 gnolls (D:10)
  10 adders
  A river rat (D:11)
  2 adder skeletons (D:8)
  4 worms
  2 dart slugs
  4 leopard geckos
  29 orcs
  5 giant cockroaches
  7 goblins
  7 hobgoblins
  9 jackals
  2 quokkas
  8 bats
  9 frilled lizards
  A goblin zombie (D:11)
  A hobgoblin zombie (D:11)
  17 kobolds
  A leopard gecko skeleton (D:9)
  2 leopard gecko zombies
  4 orc zombies (D:11)
  16 rats
250 creatures vanquished.

Vanquished Creatures (collateral kills)
  The ghost of uglyjohn the Arsonist, a novice DEFE of Vehumet (D:11)
  A two-headed ogre (D:11)
  2 hungry ghosts (D:11)
  A crocodile (D:11)
  A big kobold (D:11)
  A hound zombie (D:11)
  An orc (D:11)
  A bat (D:11)
  A kobold (D:11)
  An orc zombie (D:11)
  4 rats (D:11)
15 creatures vanquished.

Vanquished Creatures (others)
  An orc knight (D:11)
  2 orc warriors
  A human (D:3)
  2 orc wizards
  8 orcs
  6 fungi (D:11)
  7 plants (D:11)
27 creatures vanquished.

Grand Total: 292 creatures vanquished

Notes
Turn   | Place    | Note
-------+----------+-------------------------------------------
     0 | D:1      | JeffiDaFish the Hill Orc Fighter began the quest for the Orb.
     0 | D:1      | Reached XP level 1. HP: 19/19 MP: 1/1
   245 | D:1      | Reached XP level 2. HP: 16/27 MP: 2/2
   961 | D:1      | Reached XP level 3. HP: 33/33 MP: 3/3
  1127 | D:2      | Reached skill level 3 in Axes
  1461 | D:2      | Found a runed door.
  1465 | D:2      | Noticed Crazy Yiuf
  1470 | D:2      | Paralysed by Crazy Yiuf for 2 turns
  1472 | D:2      | HP: 1/33 [Crazy Yiuf/quarterstaff of chaos (5)]
  1473 | D:2      | Killed Crazy Yiuf
  1473 | D:2      | Reached XP level 4. HP: 1/40 MP: 4/4
  2062 | D:3      | Reached skill level 4 in Axes
  2062 | D:3      | Reached XP level 5. HP: 10/46 MP: 5/5
  2375 | D:3      | Found a hazy altar of Hepliaklqana.
  2758 | D:3      | Learned a level 3 spell: Confuse
  2920 | D:3      | Found an ancient bone altar of Kikubaaqudgha.
  2922 | D:3      | Noticed a human
  2924 | D:3      | Killed a human
  3014 | D:4      | Found a shadowy altar of Dithmenos.
  3041 | D:4      | Noticed mordus's ghost (amateur DDBe)
  3060 | D:4      | Killed mordus's ghost
  3060 | D:4      | Reached skill level 1 in Hexes
  3060 | D:4      | Reached XP level 6. HP: 36/53 MP: 5/7
  3195 | D:4      | Reached skill level 1 in Spellcasting
  3350 | D:4      | Found a shattered altar of Ashenzari.
  3443 | D:4      | Gained mutation: You are partially covered in large bone plates. (SH +4) [potion of beneficial mutation]
  3478 | D:4      | Found a snail-covered altar of Cheibriados.
  3533 | D:5      | Entered Level 5 of the Dungeon
  3550 | D:5      | Reached skill level 5 in Axes
  3550 | D:5      | Reached XP level 7. HP: 60/60 MP: 8/8
  3661 | D:5      | Reached skill level 5 in Fighting
  3661 | D:5      | Reached skill level 5 in Shields
  4401 | D:5      | Reached skill level 5 in Armour
  4451 | D:6      | Found an iron altar of Okawaru.
  4481 | D:6      | Found a staircase to the Ecumenical Temple.
  4545 | D:6      | Found an ancient bone altar of Kikubaaqudgha.
  4618 | D:6      | Reached XP level 8. HP: 69/69 MP: 9/11
  4624 | D:6      | Became a worshipper of Beogh the Brigand
  4948 | D:6      | Reached skill level 6 in Axes
  5049 | D:6      | Found a burning altar of Makhleb.
  5074 | D:6      | Got an ebony whip
  5075 | D:6      | Identified the +1 whip "Muxir" {flame, Str+4} (You found it on level 6 of the Dungeon)
  5091 | D:6      | Found a bloodstained altar of Trog.
  5173 | D:6      | Found a radiant altar of Vehumet.
  5224 | D:6      | Got a ring of the Octopus King
  5225 | D:6      | Identified a ring of the Octopus King {rCorr AC+1 EV+1 Str+1 Int+1 Dex+1} (You found it on level 6 of the Dungeon)
  5691 | D:7      | Found a basalt altar of Yredelemnul.
  5768 | D:7      | Found a shadowy altar of Dithmenos.
  5837 | D:7      | Reached XP level 9. HP: 38/78 MP: 13/13
  6273 | D:7      | Found a hide-covered altar of Uskayaw.
  6273 | D:7      | Noticed a dagger
  6274 | D:7      | Noticed a dagger
  6605 | D:7      | Reached * piety under Beogh
  6794 | D:8      | Reached skill level 7 in Axes
  7374 | D:8      | Reached ** piety under Beogh
  7681 | D:9      | Reached skill level 8 in Axes
  7903 | D:9      | Found a white marble altar of Elyvilon.
  8109 | D:9      | Identified Myner's Early Guide to Casting
  8124 | D:9      | Learned a level 2 spell: Slow
  8124 | D:9      | Noticed Grum
  8163 | D:9      | Killed Grum
  8175 | D:9      | Reached XP level 10. HP: 24/88 MP: 15/15
  8875 | D:10     | Entered Level 10 of the Dungeon
  8909 | D:10     | Found Vaxedd's Assorted Antiques.
  8957 | D:10     | Noticed a hill giant
  8975 | D:10     | Killed a hill giant
  8980 | D:10     | Reached *** piety under Beogh
  8980 | D:10     | Reached skill level 5 in Hexes
  9030 | D:10     | Reached skill level 9 in Axes
  9462 | D:10     | Noticed a gargoyle
  9481 | D:10     | Killed a gargoyle
 10351 | D:11     | Noticed uglyjohn's ghost (novice DEFE)
 10355 | D:11     | Reached XP level 11. HP: 91/95 MP: 18/18
 10365 | D:11     | Killed uglyjohn's ghost
 10393 | D:11     | Reached **** piety under Beogh
 10396 | D:11     | Noticed a hill giant
 10405 | D:11     | Killed a hill giant
 10412 | D:11     | Noticed a hill giant
 10430 | D:11     | Killed a hill giant
 10450 | D:11     | Reached skill level 5 in Spellcasting
 10455 | D:11     | Noticed a green ugly thing
 10799 | D:11     | Killed a green ugly thing
 10799 | D:11     | Reached skill level 10 in Axes
 11082 | D:11     | HP: 1/97 [very large slime creature (35)]
 11083 | D:11     | Annihilated by a very large slime creature

Vault maps used:
D:1:      saegor_arrival_simple_a, minmay_lizard_pond
D:2:      first_bread, uniq_crazy_yiuf_cottage
D:3:      overflow_temple_1_default, tgw_kikubaaqudgha
D:4:      cheibrodos_ashenzari_chains, lemuel_round_altar,
          overflow_temple_1_default
D:6:      lemuel_round_altar, okawaru_metal_pillars_3, bloody_trog,
          lemuel_doored_altar, bloody_makhleb
D:7:      yredelemnul_altar_generic, dancing_weapons_uskayaw,
          nicolae_dithmenos_shadow_blocks
D:9:      elyvilon_altar_3, uniq_grum
D:10:     serial_shops, nicolae_shop_competitors_out_of_business
D:11:     grunt_lair_entry_orc_guard_hut, zombieorc1_lemuel

Skill      XL: |  1  2  3  4  5  6  7  8  9 10 11 |
---------------+----------------------------------+-----
Axes           | 3 4 5 6 8 9 10 | 10.0
Fighting       | 4 5 6 7 8 9 |  9.3
Shields        | 4 5 6 7 8 |  8.9
Armour         | 4 5 6 7 8 |  8.2
Hexes          | 1 2 3 4 5 6 |  6.4
Spellcasting   | 1 2 3 4 5 |  5.1
Dodging        | |  0.8
Stealth        | |  0.5

Action                   |  1- 3 |  4- 6 |  7- 9 | 10-12 || total
-------------------------+-------+-------+-------+-------++-------
Melee: War axe           |    93 |   178 |   557 |   436 ||  1264
       Whip              |       |       |    14 |       ||    14
Invok: Convert to Beogh  |       |       |     1 |       ||     1
  Use: Scroll            |     7 |     6 |     6 |     4 ||    23
       Potion            |     4 |     3 |     3 |     2 ||    12
 Stab: Distracted        |       |       |       |     1 ||     1
  Eat: Chunk             |     2 |     7 |     8 |     4 ||    21
       Fruit             |       |       |     6 |     1 ||     7
       Bread ration      |       |       |     1 |     3 ||     4
Armor: Scale mail        |    35 |    34 |       |       ||    69
       Chain mail        |       |    27 |       |       ||    27
       Plate armour      |       |    20 |   315 |   132 ||   467
Dodge: Dodged            |    24 |    34 |   113 |    48 ||   219
Block: Shield            |    53 |   104 |   539 |   355 ||  1051
